 Dungeon Crawl Stone Soup version 0.28-a0-1147-gc7b72d3202 (webtiles) character file.

Game seed: 11386419471830492539

520 Fortus the Ruffian (level 7, -6/48 (66) HPs)
             Began as a Troll Fighter on Dec 14, 2021.
             Was an Initiate of the Shining One.
             Mangled by Edmund (8 damage)
             ... on level 5 of the Dungeon.
             The game lasted 00:05:50 (2806 turns).

Fortus the Ruffian (Troll Fighter)                  Turns: 2806, Time: 00:05:51

HP:   -6/48 (66)    AC:  4    Str: 27    XL:     7   Next: 1%
MP:   6/6           EV:  8    Int:  4    God:    the Shining One [......]
Gold: 242           SH:  8    Dex:  9    Spells: 6/6 levels left

rFire   . . .      SeeInvis .     - Unarmed
rCold   . . .      Faith    .   b - +0 kite shield
rNeg    . . .      Spirit   .   a - +0 robe
rPois   .          Reflect  .   (helmet restricted)
rElec   .          Harm     .   (no cloak)
rCorr   .          Rampage  .   (gloves unavailable)
Will    .....                   (boots unavailable)
Stlth   +.........              (no amulet)
HPRegen 0.96/turn               (no ring)
MPRegen 0.10/turn               (no ring)

@: glowing, very heavily drained
A: large, unfitting armour, claws 3, regeneration 1, shaggy fur 1, tough skin 1
a: Renounce Religion


You were on level 5 of the Dungeon.
You worshipped the Shining One.
The Shining One was noncommittal.
You visited 1 branch of the dungeon, and saw 5 of its levels.

You collected 242 gold pieces.

Inventory:

Armour
 a - a +0 robe (worn)
 b - a +0 kite shield (worn)
Wands
 k - a wand of iceblast (8)
Scrolls
 d - 5 scrolls of teleportation {unknown}
 e - 3 scrolls of identify {unknown}
 f - a scroll of acquirement {unknown}
 g - 2 scrolls of enchant armour {unknown}
 j - a scroll of fog {unknown}
 l - a scroll of enchant weapon {unknown}
Potions
 c - a potion of might
 h - 3 potions of heal wounds {unknown}
 i - 2 potions of degeneration {unknown}
 m - a potion of curing
 n - 2 potions of attraction {unknown}
 o - a potion of haste {unknown}
 p - 2 potions of experience {unknown}


   Skills:
 - Level 2.4 Fighting
 - Level 2.4 Dodging
 + Level 4.2 Shields
 * Level 6.3 Unarmed Combat


You had 6 spell levels left.
You didn't know any spells.
Your spell library contained the following spells:

 Spells                   Type           Power      Damage    Failure   Level
 Apportation              Tloc           0%         N/A       85%         1
 Ozocubu's Armour         Ice            0%         N/A       99%         3
 Alistair's Intoxication  Tmut/Pois      0%         N/A       100%        5
 Metabolic Englaciation   Hex/Ice        0%         N/A       100%        5
 Simulacrum               Ice/Necr       0%         N/A       100%        6


Dungeon Overview and Level Annotations

Branches:
Dungeon (5/15)
 Temple: D:4-7

Altars:
Elyvilon
Okawaru
Zin
The Shining One

Annotations:
D:5 Edmund


Innate Abilities, Weirdness & Mutations

You are too large for most types of armour.
You have claws for hands.
Your natural rate of healing is unusually fast.
You are covered in fur. (AC +1)
You have tough skin. (AC +1)


Message History

You scratch Edmund but do no damage.
Edmund is heavily wounded.
Edmund hits you with a +1 flail of draining.
You feel drained.
You closely miss Edmund.
Edmund is heavily wounded.
Edmund hits you with a +1 flail of draining.
You feel drained.
You completely miss Edmund.
Edmund is heavily wounded.
Edmund barely misses you.
You scratch Edmund.
Edmund is heavily wounded.
Edmund barely misses you.
You barely miss Edmund.
Edmund is heavily wounded.
Edmund hits you with a +1 flail of draining.
You feel drained.
You scratch Edmund.
Edmund is heavily wounded.
Edmund hits you with a +1 flail of draining!
You feel drained.
You scratch Edmund.
Edmund is heavily wounded.
Edmund drinks a potion.
Edmund is healed!
You claw Edmund!
Edmund is severely wounded.
Edmund hits you with a +1 flail of draining!
* * * LOW HITPOINT WARNING * * *
You feel drained.
You closely miss Edmund.
Edmund is severely wounded.
Edmund hits you with a +1 flail of draining!
* * * LOW HITPOINT WARNING * * *
You feel drained.
* * * LOW HITPOINT WARNING * * *
You scratch Edmund.
Edmund is severely wounded.
Edmund hits you with a +1 flail of draining!
You die...

#.................#.....##..
#.......#####.....#.....####
#.......#...#.....#.........
#.......#...'.....#.........
#.......'...#.....'.........
#.......#...#.....#.....##..
#.......#####.....##'#####..
#.......#...#.....#......#..
#<......#.@@'.....#.....##..
#.......#...#.....#.....##..
#.......#...#.....#.........
#.......#...#.....#.........
#.......#...#.....#.........
#.......#####.....##########
######### #######


You could see Edmund.

Vanquished Creatures
  Grinder (D:5)
  A scorpion (D:5)
  A jelly (D:4)
  A centaur zombie (D:5)
  A hound (D:5)
  Robin (D:2)
  4 gnolls
  4 adders
  A worm (D:2)
  2 dart slugs (D:3)
  6 ball pythons
  8 endoplasms
  4 giant cockroaches
  13 goblins
  3 hobgoblins
  4 jackals (D:4)
  6 kobolds
  2 quokkas
  A bat (D:3)
  3 frilled lizards
  7 rats
74 creatures vanquished.

Notes
Turn   | Place    | Note
-------+----------+-------------------------------------------
     0 | D:1      | Fortus the Troll Fighter began the quest for the Orb.
     0 | D:1      | Reached XP level 1. HP: 22/22 MP: 0/0
   242 | D:1      | Reached XP level 2. HP: 29/29 MP: 1/1
   305 | D:1      | You fall into a shaft and drop 1 floor!
   307 | D:2      | Noticed Robin
   330 | D:2      | Reached skill level 3 in Unarmed Combat
   346 | D:2      | Reached XP level 3. HP: 21/36 MP: 2/2
   350 | D:2      | Killed Robin
  1095 | D:2      | Reached XP level 4. HP: 44/44 MP: 3/3
  1311 | D:2      | Reached skill level 4 in Unarmed Combat
  1374 | D:3      | Found an iron altar of Okawaru.
  1547 | D:3      | Reached XP level 5. HP: 47/50 MP: 4/4
  2415 | D:5      | Entered Level 5 of the Dungeon
  2415 | D:5      | Noticed Grinder
  2427 | D:5      | Killed Grinder
  2428 | D:5      | Reached skill level 5 in Unarmed Combat
  2428 | D:5      | Reached XP level 6. HP: 24/59 MP: 5/5
  2577 | D:5      | Reached skill level 6 in Unarmed Combat
  2649 | D:5      | Found a glowing silver altar of Zin.
  2650 | D:5      | Found a glowing golden altar of the Shining One.
  2651 | D:5      | Found a white marble altar of Elyvilon.
  2656 | D:5      | Became a worshipper of the Shining One
  2698 | D:5      | Reached XP level 7. HP: 53/66 MP: 6/6
  2790 | D:5      | Noticed Edmund
  2805 | D:5      | HP: 1/48 [Edmund (2)]
  2806 | D:5      | Mangled by Edmund

Illustrated notes

Levels and vault maps discovered:
D:1:      mrwooster_arrival_statue_2, layout_basic, serial_forest,
          infiniplex_forest_zigzag_1, infiniplex_forest_clump_long,
          infiniplex_forest_clump_curved, infiniplex_forest_end_1,
          infiniplex_forest_clump_curved, lemuel_flame_loot_1
D:2:      layout_loops_ring, uniq_robin
D:3:      layout_rooms, nicolae_overflow_crystal_walls
D:4:      layout_loops_ring
D:5:      layout_gridville, good_gods_temple_1, gammafunk_temple_overflow_pools,
          minmay_temple_entry_wispy, nicolae_concentric_dashed_squares_wild,
          uniq_grinder, uniq_edmund

Skill      XL: |  1  2  3  4  5  6 |
---------------+-------------------+-----
Unarmed Combat | 3 4 5 6 |  6.3
Shields        | 3 4 |  4.2
Fighting       | |  2.4
Dodging        | |  2.4

Action                   |  1- 3 |  4- 6 |  7- 9 || total
-------------------------+-------+-------+-------++-------
Melee: Unarmed           |    96 |   115 |    14 ||   225
Armor: Robe              |    30 |    33 |       ||    63
Dodge: Dodged            |    23 |    42 |     3 ||    68
Block: Kite shield       |    27 |    51 |     1 ||    79

Table legend: (Time is in decaauts)
 A = Elapsed time spent in this place.
 B = Non-inter-level travel time spent in this place.
 C = Inter-level travel time spent in this place.
 D = Time resting spent in this place.
 E = Time spent auto-exploring this place.
 F = Levels seen in this place.
 G = Mean time per level.
                   A        B        C        D        E       F      G
               +--------+--------+--------+--------+--------+-----+--------+
         Total |   2839 |   2701 |    138 |     48 |   2110 |   5 |  567.8 |
       Dungeon |   2839 |   2701 |    138 |     48 |   2110 |   5 |  567.8 |
               +--------+--------+--------+--------+--------+-----+--------+

Top non-repeatable levels by time:
     D:4: 746 daAuts
     D:2: 738 daAuts
     D:1: 548 daAuts
     D:3: 479 daAuts
     D:5: 325 daAuts
